 Dungeon Crawl Stone Soup version 0.22-a0-305-gd21a89c538 (webtiles) character file.

39835 moggizx the Severer (level 13, -12/119 HPs)
             Began as a Minotaur Berserker on Mar 30, 2018.
             Was a High Priest of Trog.
             Splashed with acid (64 damage)
             ... on level 1 of the Pits of Slime.
             The game lasted 01:27:12 (14917 turns).

moggizx the Severer (Minotaur Berserker)           Turns: 14917, Time: 01:27:12

Health: -12/119    AC: 19    Str: 20    XL:     13   Next: 71%
Magic:  0/10       EV: 11    Int:  9    God:    Trog [*****.]
Gold:   997        SH:  0    Dex: 13    Spells: 12/12 levels left

rFire    + . .     SeeInvis .   a - +3 war axe (elec)
rCold    x . .     Gourm    .   y - +0 shield
rNeg     . . .     Faith    .   R - +0 plate armour
rPois    .         Spirit   +   (helmet restricted)
rElec    .         Reflect  .   h - scarf {Spirit}
rCorr    .         Harm     .   C - +1 pair of gloves
MR       .....     Rnd*Rage +   e - +0 pair of boots
Stlth    ..........             (no amulet)
HPRegen  0.29/turn              O - +5 ring of intelligence
MPRegen  0.12/turn              n - ring of fire

@: confused, berserk cooldown, slowed, very slow
A: retaliatory headbutt, horns 2, berserk 2, clumsy 1, low mp 1, screaming 1,
weak 1, no potion heal 1
a: Berserk, Trog's Hand, Brothers in Arms, Renounce Religion


You were on level 1 of the Pits of Slime.
You worshipped Trog.
Trog was extremely pleased with you.
You were not hungry.

You visited 4 branches of the dungeon, and saw 19 of its levels.

You collected 1101 gold pieces.
You spent 104 gold pieces at shops.

Inventory:

Hand Weapons
 a - a +3 war axe of electrocution (weapon)
 b - a +0 hand axe of flaming
 N - the +1 war axe "Peamuogg" {vamp, rPois MR- Str+6 SInv}
   (You found it on level 8 of the Dungeon)

   It inflicts no extra harm, but heals its wielder when it wounds a living foe.
   It affects your strength (+6).
   It protects you from poison.
   It affects your resistance to hostile enchantments.
   It lets you see invisible.
Armour
 e - a +0 pair of boots (worn)
 h - a scarf of spirit shield (worn)
 y - a +0 shield (worn)
 C - a +1 pair of gloves (worn)
 E - a +0 troll leather armour
 Q - +0 steam dragon scales
 R - a +0 plate armour (worn)
Jewellery
 g - an uncursed ring of flight
 l - an uncursed ring of ice
 n - a ring of fire (right hand)
 F - an uncursed ring of positive energy
 O - a +5 ring of intelligence (left hand)
Wands
 s - a wand of random effects (19)
 v - a wand of disintegration (6)
 K - a wand of flame (43)
 S - a wand of paralysis (4)
 T - a wand of digging (14)
 U - a wand of polymorph (32)
Scrolls
 d - a scroll of random uselessness {unknown}
 f - 19 scrolls of remove curse
 m - 4 scrolls of magic mapping
 o - 5 scrolls of teleportation
 q - 2 scrolls of immolation {unknown}
 r - 4 scrolls of enchant weapon {unknown}
 x - 5 scrolls of fear
 G - 2 scrolls of fog {unknown}
 H - 2 scrolls of enchant armour {unknown}
Potions
 j - 4 potions of ambrosia
 k - 5 potions of curing
 p - 3 potions of cancellation
 t - 6 potions of lignification
 z - 3 potions of haste
 A - 2 potions of berserk rage {unknown}
 B - 2 potions of magic {unknown}
 D - 2 potions of might
 J - a potion of degeneration {unknown}
 L - 2 potions of flight
 M - a potion of heal wounds
 P - 3 potions of agility
 V - 2 potions of invisibility {unknown}
 W - a potion of resistance
Miscellaneous
 w - a phial of floods
Comestibles
 c - 17 rations


   Skills:
 + Level 12.7 Fighting
 * Level 15.6 Axes
 + Level 12.5 Armour
 + Level 11.5 Dodging
 + Level 10.0 Shields


You had 12 spell levels left.
You didn't know any spells.

Dungeon Overview and Level Annotations

Branches:
Dungeon (11/15)            Temple (0/1) D:7            Lair (6/6) D:8
 Shoals (0/4) Lair:4        Snake (1/4) Lair:3        Slime (1/5) Lair:6
    Orc (0/2) D:11

Altars:
Ashenzari
Dithmenos
Fedhas
Gozag
Makhleb
Okawaru
Qazlal
Ru
Sif Muna
Trog
Uskayaw
Vehumet
Xom
Zin
The Shining One
Jiyva

Shops:
D:2 *   D:5 [   D:8 **[*


Innate Abilities, Weirdness & Mutations

You reflexively headbutt those who attack you in melee.
You have a pair of horns on your head.
You often lose your temper in combat.
You are clumsy. (Dex -2)
Your magical capacity is low. (-10% MP)
You occasionally shout uncontrollably at your foes.
You are weak. (Str -2)
Potions are less effective at restoring your health.


Message History

You are more confused.
You're too confused to move!
The golden eye turns its gaze towards you.
The golden eye blinks at you.
You are more confused.
The golden eye turns its gaze towards you.
The golden eye blinks at you.
You easily resist.
You are splashed with acid!
The walls burn you!
The golden eye turns its gaze towards you.
The golden eye blinks at you.
You are more confused.
You are splashed with acid!
The walls burn you!
The golden eye turns its gaze towards you.
The golden eye blinks at you.
You are more confused.
You bump into the slime covered rock wall.
You are splashed with acid!
The walls burn you!
Ouch! That really hurt!
You die...

##..## #....##
##..#.## #
###......##
##.##.......#.#..
#.......<.........
##.##.............
# ##..G.#........
#@........##..#
##..#.....# ..
######....# .
##..## ..# ##


You could see a golden eye.

Vanquished Creatures
  Gastronok (Lair:2)
  Nessos (Lair:4)
  A fire dragon (Lair:6)
  3 hydras
  6 death yaks (Lair:3)
  7 two-headed ogres
  Pikel (D:7)
  A lindwurm (Lair:6)
  An oklob plant (Lair:4)
  A shining eye (Lair:6)
  The ghost of FollowTheCloud the Vexing, a novice DsEn of Kikubaaqudgha (D:7)
  4 black mambas
  11 elephants
  3 molten gargoyles (Lair:6)
  6 spiny frogs
  6 komodo dragons
  A rime drake (Lair:4)
  A red devil (D:10)
  2 polar bears
  Grinder (D:6)
  2 trolls
  7 hippogriffs
  2 spriggans (Lair:4)
  Sigmund (D:2)
  7 yaks
  A shadow (D:11)
  6 wyverns
  4 basilisks
  Grum (D:8)
  A golden eye (Slime:1)
  3 steam dragons
  Edmund (D:5)
  A naga (Lair:3)
  5 hell hounds (Lair:6)
  Duvessa (D:7)
  7 porcupines
  2 hornet zombies
  An ice beast (D:8)
  8 orc warriors
  The ghost of Deemzul the Skirmisher, an amateur NaFi (D:4)
  4 black bears
  A slave (D:7)
  2 ogres (D:10)
  2 necrophages
  3 phantoms
  2 sky beasts
  4 wolves
  11 centaurs
  A big kobold (D:7)
  7 crocodiles
  15 bullfrogs
  Dowan (D:7)
  3 scorpions
  7 killer bees
  3 wights (D:8)
  An electric eel (Lair:5)
  2 howler monkeys
  4 lava snakes (Lair:6)
  A centaur zombie (D:5)
  3 crimson imps
  7 hounds
  2 quasits
  4 bullfrog zombies
  2 jellies
  2 bullfrog skeletons
  10 orc priests
  17 orc wizards
  2 centaur skeletons
  3 iguanas
  10 worker ants
  A killer bee zombie (D:8)
  A hound zombie (D:5)
  A hound skeleton (D:8)
  3 worker ant zombies
  4 gnolls (D:2)
  7 adders
  An adder zombie (D:6)
  3 adder skeletons
  4 worms
  A dart slug (D:2)
  8 leopard geckos
  35 orcs
  5 giant cockroaches
  5 goblins
  6 hobgoblins
  17 jackals
  9 quokkas
  2 ball pythons
  2 bats (D:1)
  7 frilled lizards
  9 kobolds
  A leopard gecko zombie (D:5)
  A quokka zombie (D:5)
  10 rats
  A fungus (Lair:1)
  5 plants
406 creatures vanquished.

Vanquished Creatures (others)
  A crimson imp (D:7)
  2 fungi (Lair:6)
  2 plants
5 creatures vanquished.

Grand Total: 411 creatures vanquished

Notes
Turn   | Place    | Note
-------+----------+-------------------------------------------
     0 | D:1      | moggizx the Minotaur Berserker began the quest for the Orb.
     0 | D:1      | Reached XP level 1. HP: 19/19 MP: 0/0
   237 | D:1      | Reached XP level 2. HP: 27/27 MP: 1/1
   612 | D:1      | Reached ** piety under Trog
   612 | D:1      | Reached skill level 4 in Axes
   885 | D:2      | Reached XP level 3. HP: 33/33 MP: 2/2
   901 | D:2      | Found an opulent altar of Gozag.
   918 | D:2      | Found Gozag's Platinum Reserve.
  1021 | D:2      | Reached XP level 4. HP: 17/41 MP: 0/3
  1231 | D:2      | Found a shadowy altar of Dithmenos.
  1234 | D:2      | Found a glowing silver altar of Zin.
  1237 | D:2      | Found a burning altar of Makhleb.
  1252 | D:2      | Found an iron altar of Okawaru.
  1329 | D:2      | Noticed Sigmund
  1350 | D:2      | Killed Sigmund
  1350 | D:2      | Reached skill level 5 in Fighting
  1350 | D:2      | Reached skill level 5 in Axes
  1350 | D:2      | Reached XP level 5. HP: 48/48 MP: 2/4
  1556 | D:2      | Found a blossoming altar of Fedhas.
  1640 | D:3      | Found a hide-covered altar of Uskayaw.
  2012 | D:3      | Reached XP level 6. HP: 56/56 MP: 5/5
  2249 | D:3      | Reached *** piety under Trog
  2738 | D:4      | Noticed Deemzul's ghost (amateur NaFi)
  2752 | D:4      | Killed Deemzul's ghost
  2752 | D:4      | Reached skill level 5 in Armour
  2752 | D:4      | Reached XP level 7. HP: 62/62 MP: 6/6
  3113 | D:5      | Entered Level 5 of the Dungeon
  3121 | D:5      | Reached skill level 6 in Axes
  3232 | D:5      | Found a glowing golden altar of the Shining One.
  3411 | D:5      | Reached skill level 5 in Dodging
  3974 | D:5      | Noticed Edmund
  3984 | D:5      | Killed Edmund
  3984 | D:5      | Reached XP level 8. HP: 71/71 MP: 5/7
  4159 | D:5      | Reached **** piety under Trog
  4165 | D:5      | Reached skill level 7 in Axes
  4239 | D:5      | Found Koroisuett's Armour Boutique.
  4463 | D:5      | Noticed a two-headed ogre
  4469 | D:5      | Killed a two-headed ogre
  4469 | D:5      | Reached skill level 8 in Axes
  4469 | D:5      | Reached XP level 9. HP: 79/81 MP: 4/8
  4748 | D:5      | Found a deep blue altar of Sif Muna.
  5292 | D:6      | Noticed Grinder
  5302 | D:6      | Killed Grinder
  5302 | D:6      | Reached skill level 1 in Shields
  5645 | D:6      | Found a stormy altar of Qazlal.
  5933 | D:7      | Reached ***** piety under Trog
  5933 | D:7      | Reached skill level 9 in Axes
  5935 | D:7      | Found a staircase to the Ecumenical Temple.
  5969 | D:7      | Noticed Pikel
  5969 | D:7      | Noticed a troll
  5987 | D:7      | Killed a troll
  5993 | D:7      | Killed Pikel
  6100 | D:7      | Found a shattered altar of Ashenzari.
  6150 | D:7      | Reached XP level 10. HP: 83/91 MP: 9/9
  6152 | D:7      | Noticed Duvessa
  6164 | D:7      | Noticed Dowan
  6168 | D:7      | Killed Duvessa
  6178 | D:7      | Killed Dowan
  6209 | D:7      | Noticed FollowTheCloud's ghost (novice DsEn)
  6224 | D:7      | Killed FollowTheCloud's ghost
  6466 | D:7      | Reached skill level 10 in Axes
  6784 | D:8      | Noticed a two-headed ogre
  6792 | D:8      | Killed a two-headed ogre
  6854 | D:8      | Found a shimmering altar of Xom.
  6855 | D:8      | Found Sorif's Assorted Antiques.
  6938 | D:8      | Noticed Grum
  6950 | D:8      | Killed Grum
  7026 | D:8      | Found Xazinah's Assorted Antiques.
  7031 | D:8      | Found a staircase to the Lair.
  7084 | D:8      | Found Yzalooma's General Store.
  7092 | D:8      | Bought a potion of heal wounds for 65 gold pieces
  7092 | D:8      | Bought a potion of curing for 39 gold pieces
  7108 | D:8      | Found Miuttywn's Antique Armour Shoppe.
  7157 | D:8      | Noticed a two-headed ogre
  7164 | D:8      | Killed a two-headed ogre
  7164 | D:8      | Reached skill level 10 in Fighting
  7164 | D:8      | Reached skill level 11 in Axes
  7164 | D:8      | Reached skill level 5 in Shields
  7236 | D:8      | Noticed a moth of wrath
  7240 | D:8      | Found a bloodstained altar of Trog.
  7303 | D:8      | Got an ichor-stained war axe
  7308 | D:8      | Identified the cursed +1 war axe "Peamuogg" {vamp, rPois MR- Str+6 SInv} (You found it on level 8 of the Dungeon)
  7444 | D:9      | Found a blossoming altar of Fedhas.
  7515 | D:9      | Found a sacrificial altar of Ru.
  7531 | D:9      | Found a radiant altar of Vehumet.
  7863 | D:9      | Reached XP level 11. HP: 99/99 MP: 8/10
  7893 | D:10     | Entered Level 10 of the Dungeon
  7910 | D:10     | Noticed a two-headed ogre
  7927 | D:9      | Killed a two-headed ogre
  7976 | D:10     | Found a burning altar of Makhleb.
  8029 | D:10     | Received a gift from Trog
  8155 | D:10     | Noticed a two-headed ogre
  8167 | D:10     | Killed a two-headed ogre
  8167 | D:10     | Reached skill level 10 in Armour
  8698 | D:11     | Reached skill level 12 in Axes
  8932 | D:11     | Noticed a two-headed ogre
  8938 | D:11     | Killed a two-headed ogre
  9016 | D:11     | Noticed a two-headed ogre
  9028 | D:11     | Killed a two-headed ogre
  9119 | D:11     | Found a staircase to the Orcish Mines.
  9522 | Lair:1   | Entered Level 1 of the Lair of Beasts
  9921 | Lair:1   | Reached skill level 13 in Axes
  9921 | Lair:1   | Reached XP level 12. HP: 94/110 MP: 7/11
 10292 | Lair:2   | Noticed Gastronok
 10296 | Lair:2   | Reached skill level 10 in Dodging
 10308 | Lair:2   | Killed Gastronok
 11329 | Lair:3   | Noticed a death yak
 11330 | Lair:3   | Noticed a death yak
 11330 | Lair:3   | Noticed a death yak
 11331 | Lair:3   | Noticed a death yak
 11331 | Lair:3   | Noticed a death yak
 11332 | Lair:3   | Noticed a death yak
 11343 | Lair:3   | Killed a death yak
 11347 | Lair:3   | Killed a death yak
 11350 | Lair:3   | Killed a death yak
 11355 | Lair:3   | Killed a death yak
 11355 | Lair:3   | Killed a death yak
 11355 | Lair:3   | Killed a death yak
 11366 | Lair:3   | Reached skill level 14 in Axes
 11563 | Lair:3   | Found a staircase to the Snake Pit.
 11927 | Snake:1  | Entered Level 1 of the Snake Pit
 11927 | Snake:1  | Noticed a naga warrior
 12063 | Lair:4   | Found a radiant altar of Vehumet.
 12110 | Lair:4   | Reached XP level 13. HP: 89/118 MP: 9/12
 12114 | Lair:4   | Found a staircase to the Shoals.
 12357 | Lair:4   | Noticed Nessos
 12370 | Lair:4   | Killed Nessos
 12846 | Lair:5   | Received a gift from Trog
 13111 | Lair:5   | You fall through a shaft!
 13111 | Lair:6   | Entered Level 6 of the Lair of Beasts
 13181 | Lair:6   | Reached skill level 15 in Axes
 14028 | Lair:6   | Found a viscous altar of Jiyva.
 14028 | Lair:6   | Found a staircase to the Slime Pits.
 14296 | Lair:6   | Found a large runed door.
 14427 | Lair:6   | Found a large runed door.
 14502 | Lair:6   | Noticed a fire dragon
 14607 | Lair:6   | Killed a fire dragon
 14607 | Lair:6   | Reached skill level 10 in Shields
 14755 | Slime:1  | Entered Level 1 of the Pits of Slime
 14757 | Slime:1  | Gained mutation: You are agile. (Dex +2) [a shining eye]
 14758 | Slime:1  | Gained mutation: Your magical capacity is low. (-10% MP) [a shining eye]
 14760 | Slime:1  | Gained mutation: Potions are less effective at restoring your health. [a shining eye]
 14768 | Lair:6   | Gained mutation: You tend to lose your temper in combat. [a shining eye]
 14778 | Lair:6   | Lost mutation: You are agile. (Dex +2) [a shining eye]
 14781 | Lair:6   | Gained mutation: You occasionally shout uncontrollably at your foes. [a shining eye]
 14785 | Lair:6   | Gained mutation: You are clumsy. (Dex -2) [a shining eye]
 14787 | Lair:6   | Gained mutation: You often lose your temper in combat. [a shining eye]
 14791 | Lair:6   | Gained mutation: You are weak. (Str -2) [a shining eye]
 14917 | Slime:1  | Splashed with acid

Vault maps used:
D:1:      nicolae_arrival_washed_ashore
D:2:      grunt_temple_overflow_cloverleaf, nicolae_gozag_zags_fifth_avenue,
          fedhas_altar_4, uniq_sigmund
D:3:      minmay_wonky_spiral, lemuel_crystal_altar, first_ration
D:5:      kennysheep_windowed_halls, nicolae_overflow_hidden_temple,
          basic_altar, serial_shops, nicolae_shop_crystal, uniq_edmund
D:6:      overflow_temple_1_default, uniq_grinder
D:7:      ashenzari_altar_1, minmay_temple_entry_water_ring,
          kennysheep_generic_room_9, uniq_pikel, uniq_duvessa
D:8:      tgw_trog, serial_shops, kennysheep_mini, shop, shop_statue, shop,
          basic_altar, uniq_grum
D:9:      lemuel_round_altar, grunt_temple_overflow_open
D:10:     grunt_ogre_cave, lemuel_hellish_altar
D:11:     orc_0_dummy
Lair:2:   grunt_forest_stairs_basic, serial_bayou_shore_a, lemuel_fruit_fields,
          uniq_gastronok
Lair:3:   guppyfry_snake_entry_garden
Lair:4:   wad_woods_stonehenge, minmay_shoals_entry_centaurs, uniq_nessos
Lair:5:   infiniplex_staircase_pool
Lair:6:   cheibrodos_lair_end_hotspot, slime_altar_1

Skill      XL: |  1  2  3  4  5  6  7  8  9 10 11 12 13 |
---------------+----------------------------------------+-----
Fighting       | 4 5 6 8 9 10 11 12 | 12.7
Axes           | 4 5 6 8 9 11 13 14 15 | 15.6
Armour         | 3 4 5 7 8 9 10 11 12 | 12.5
Dodging        | 3 4 5 6 7 8 9 10 11 | 11.5
Shields        | 3 5 7 9 10 | 10.0

Action                   |  1- 3 |  4- 6 |  7- 9 | 10-12 | 13-15 || total
-------------------------+-------+-------+-------+-------+-------++-------
Melee: Hand axe          |    73 |   109 |   280 |   138 |    87 ||   687
       Headbutt          |     9 |    21 |    68 |   186 |    72 ||   356
       War axe           |       |       |       |   510 |   156 ||   666
Invok: Berserk           |     1 |     3 |     7 |    14 |     7 ||    32
       Trog's Hand       |       |     1 |     1 |     3 |     3 ||     8
       Brothers in Arms  |       |       |       |     1 |     1 ||     2
  Use: Scroll            |       |     1 |     7 |    13 |     8 ||    29
       Potion            |       |       |       |       |     1 ||     1
 Stab: Distracted        |       |       |       |     1 |       ||     1
  Eat: Chunk             |       |     9 |    16 |    15 |     5 ||    45
       Ration            |       |       |     1 |     7 |     4 ||    12
Armor: Animal skin       |     5 |       |       |       |       ||     5
       Scale mail        |    18 |    16 |    74 |       |       ||   108
       Chain mail        |       |    27 |    27 |       |       ||    54
       Troll leather arm |       |       |     7 |    49 |       ||    56
       Plate armour      |       |       |       |   130 |    81 ||   211
Dodge: Dodged            |    56 |    45 |   133 |   261 |    63 ||   558
Block: Shield            |       |       |    37 |   302 |    92 ||   431

Table legend:
 A = Spawn XP
 B = Non-spawn XP
 C = Spawn XP percentage of total XP
 D = Spawn monster count
 E = Non-spawn monster count
 F = Spawn count percentage of total count
 G = Total turns spent on level
                    A         B        C        D         E        F      G
               +---------+---------+-------+---------+---------+-------+---------
         Total |       0 |   56908 |   0.0 |       0 |     399 |   0.0 | 14917
               +---------+---------+-------+---------+---------+-------+---------
           D:1 |       0 |      33 |   0.0 |       0 |      19 |   0.0 |   804
           D:2 |       0 |     313 |   0.0 |       0 |      20 |   0.0 |   836
           D:3 |       0 |      63 |   0.0 |       0 |      16 |   0.0 |   910
           D:4 |       0 |     486 |   0.0 |       0 |      20 |   0.0 |   563
           D:5 |       0 |    2360 |   0.0 |       0 |      52 |   0.0 |  1940
           D:6 |       0 |     931 |   0.0 |       0 |      16 |   0.0 |   836
           D:7 |       0 |    2354 |   0.0 |       0 |      27 |   0.0 |   738
           D:8 |       0 |    3329 |   0.0 |       0 |      31 |   0.0 |   888
           D:9 |       0 |    2258 |   0.0 |       0 |      28 |   0.0 |   507
          D:10 |       0 |    2521 |   0.0 |       0 |      18 |   0.0 |   769
          D:11 |       0 |    5400 |   0.0 |       0 |      40 |   0.0 |   770
        Lair:1 |       0 |    2323 |   0.0 |       0 |      10 |   0.0 |   696
        Lair:2 |       0 |    3189 |   0.0 |       0 |       8 |   0.0 |  1066
        Lair:3 |       0 |    9847 |   0.0 |       0 |      21 |   0.0 |   613
        Lair:4 |       0 |    7461 |   0.0 |       0 |      28 |   0.0 |   897
        Lair:5 |       0 |     309 |   0.0 |       0 |       3 |   0.0 |   274
        Lair:6 |       0 |   13541 |   0.0 |       0 |      41 |   0.0 |  1747
       Slime:1 |       0 |     190 |   0.0 |       0 |       1 |   0.0 |    59
               +---------+---------+-------+---------+---------+-------+---------
